Match 41632357
Unlisted

Match 41632357
End
Selects Special Operations Battlegroup
Selects M29 Weasel Recon Vehicle
M29 Weasel Recon Vehicle
Construct Barracks
Riflemen Squad
Riflemen Squad
M1 Mortar Team
Air Support Center
Engineer Squad
Grasshopper Recon Run
Construct Motor Pool
Riflemen Squad
Grasshopper Recon Run
M24 Chaffee Light Tank
Construct Medical Station
P-47 Strafing Run
Grasshopper Recon Run
P-47 Dive Bomb
Selects P-47 Anti-Infantry Loiter
P-47 Strafing Run
Engineer Squad
Grasshopper Recon Run
Construct Tank Depot
P-47 Anti-Infantry Loiter
Grasshopper Recon Run
Selects UNKNOWN (2162291)
M4A1 Sherman Whizbang
P-47 Strafing Run
Grasshopper Recon Run
M1918 Browning Automatic Rifles
Double Sortie
Grasshopper Recon Run
Selects Raiding Flares
Selects SSF Commando Squad
Selects Assault Operation
P-47 Anti-Infantry Loiter
M4A1 Sherman Medium Tank
Grasshopper Recon Run
M4A1 Sherman Medium Tank
Grasshopper Recon Run
Grasshopper Recon Run
Grenade Package
Riflemen Squad
P-47 Strafing Run
incel_incinerat0r
Howi
KevinTDW
pipila300
0
0

Comments sign in to comment!

No comments posted yet!